 Dungeon Crawl Stone Soup version 0.28-a0-1415-g7c84da036a (webtiles) character file.

Game seed: 17205185223999391098

201 eustatius the Magician (level 5, -3/38 HPs)
             Began as a Draconian Wanderer on Jan 8, 2022.
             Succumbed to Blork the orc's poison
             ... on level 4 of the Dungeon.
             The game lasted 00:17:59 (4118 turns).

eustatius the Magician (Draconian Wanderer)         Turns: 4118, Time: 00:18:00

Health: -3/38      AC:  6    Str: 12    XL:     5   Next: 50%
Magic:  5/12       EV: 12    Int: 17    God:
Gold:   100        SH:  0    Dex: 10    Spells: 10/14 levels left

rFire   . . .      SeeInvis .   h - staff of air
rCold   . . .      Faith    .   (no shield)
rNeg    . . .      Spirit   .   (armour unavailable)
rPois   .          Reflect  .   (helmet restricted)
rElec   +          Harm     .   (no cloak)
rCorr   .          Rampage  .   (no gloves)
Will    +....                   c - +0 pair of boots
Stlth   +.........              (no amulet)
HPRegen 0.12/turn               e - ring of willpower
MPRegen 0.13/turn               (no ring)

@: lethally poisoned (-3 -> -22)
A: AC +5, unfitting armour, cold-blooded
a: no special abilities


You were on level 4 of the Dungeon.
You visited 1 branch of the dungeon, and saw 4 of its levels.

You collected 100 gold pieces.

Inventory:

Hand Weapons
 a - a +0 club
Missiles
 b - 88 stones (quivered)
Armour
 c - a +0 pair of boots (worn)
 j - the +7 chain mail of Ettoodio {Rampage +Blink Int+3}
   (You found it on level 3 of the Dungeon)

   Int:       It affects your intelligence (+3).
   +Blink:    It lets you blink.
   Rampage:   It bestows one free step when moving towards enemies.
Magical Staves
 h - a staff of air (weapon)
Jewellery
 e - a ring of willpower (left hand)
Scrolls
 d - a scroll of torment {unknown}
 f - 3 scrolls of identify
 i - a scroll of fog {unknown}
 k - a scroll of immolation {unknown}
 l - a scroll of amnesia {unknown}
Potions
 g - a potion of cancellation


   Skills:
 - Level 0.1 Maces & Flails
 + Level 2.4 Dodging
 - Level 0.4 Stealth
 * Level 5.3 Spellcasting
 + Level 0.4 Conjurations
 - Level 3.3 Transmutations
 * Level 1.2 Air Magic
 * Level 1.7 Poison Magic
 * Level 0.4 Evocations


You had 10 spell levels left.
You knew the following spells:

 Your Spells              Type           Power      Damage    Failure   Level
a - Sting                 Tmut/Pois      52%        1d5       4%          1
b - Shock                 Conj/Air       44%        1d5       10%         1
c - Static Discharge      Conj/Air       11%        N/A       16%         2

Your spell library contained the following spells:

 Spells                   Type           Power      Damage    Failure   Level
 Passwall                 Tmut/Erth      8%         N/A       11%         2
 Apportation              Tloc           8%         N/A       14%         1
 Sandblast                Erth           8%         2d5       14%         1
 Spider Form              Tmut/Pois      13%        N/A       14%         3
 Swiftness                Air            13%        N/A       24%         3
 Mephitic Cloud           Conj/Pois/Air  12%        N/A       26%         3
 Inner Flame              Hex/Fire       4%         N/A       38%         3
 Airstrike                Air            6%         N/A       63%         4
 Alistair's Intoxication  Tmut/Pois      8%         N/A       80%         5
 Lightning Bolt           Conj/Air       5%         1d17      95%         5
 Maxwell's Capacitive Co  Air            6%         ∞         100%        8


Dungeon Overview and Level Annotations

Branches:
Dungeon (4/15)
 Temple: D:4-7

Altars:

Annotations:
D:4 Blork the orc


Innate Abilities, Weirdness & Mutations

Your plain brown scales are hard. (AC +5)
You cannot fit into any form of body armour.
You are cold-blooded and may be slowed by cold attacks.


Message History

You are poisoned.
Casting: Shock (safe; 10% risk of failure)
Confirm with . or Enter, or press ? or * to list all spells.
Aiming: Sting (safe; 4% risk of failure)
Press: ? - help, Shift-Dir - straight line, f/p - Blork the orc
Aim: Blork the orc, wielding a +1 hand axe of venom and wearing a +0 robe (lightly wounded, fast, 75% to hit)
The sting hits Blork the orc.
Blork the orc is poisoned.
Blork the orc is moderately wounded.
You feel sick.
Blork the orc hits you with a +1 hand axe of venom!
You are more poisoned.
Blork the orc barely misses you.
You feel very sick.
Casting: Sting (safe; 4% risk of failure)
Confirm with . or Enter, or press ? or * to list all spells.
Aiming: Sting (safe; 4% risk of failure)
Press: ? - help, Shift-Dir - straight line, f/p - Blork the orc
Aim: Blork the orc, wielding a +1 hand axe of venom and wearing a +0 robe (moderately wounded, fast, poisoned, 75% to hit)
The sting misses Blork the orc.
You feel very sick.
Blork the orc hits you with a +1 hand axe of venom!
* * * LOW HITPOINT WARNING * * *
You are more poisoned.
Blork the orc points at you and mumbles some strange words.
The magic dart hits you.
* * * LOW HITPOINT WARNING * * *
Your magical contamination has completely faded away.
Casting: Sting (safe; 4% risk of failure)
Confirm with . or Enter, or press ? or * to list all spells.
You feel a surge of power!
Blork the orc is struck by an arc of lightning.
Blork the orc is heavily wounded.
You resist.
You are struck by an arc of lightning.
* * * LOW HITPOINT WARNING * * *
You feel very sick. Blork the orc barely misses you.
As you read the scroll labelled SIUNWOACIOST, it crumbles to dust.
It is a scroll of identify.
g - a potion of cancellation You die...

....#
#..#######....###
...##
#).#......).....#
...#
#..#.#####....#.#
#..# ##..# #.#.## #
...#.....# #.#.#
.........# #.#.#
#.####### #.#.#
.#.####### #.# #
###......# #@#.#
.#.#####.#.#####o#.#
..## ..........##.#
#.## #............#
#..# #######.######
...# ###### #.# ##.#
#...... ..#
#.####...# ###
.####.#


You could see Blork the orc (fast, poisoned).

Vanquished Creatures
  A bullfrog skeleton (D:4)
  3 gnolls (D:2)
  7 adders
  3 dart slugs
  2 endoplasms
  7 giant cockroaches
  3 goblins
  13 hobgoblins
  6 jackals
  2 quokkas (D:2)
  9 ball pythons
  4 bats
  A frilled lizard (D:2)
  6 kobolds
  6 rats
73 creatures vanquished.

Notes
Turn   | Place    | Note
-------+----------+-------------------------------------------
     0 | D:1      | eustatius the Draconian Wanderer began the quest for the
                  | Orb.
     0 | D:1      | eustatius set off with the following items: a +0 club, 34
                  | stones, a +0 pair of boots; and the following spells
                  | available to memorise: Sting, Passwall, Sandblast, Spider
                  | Form, Inner Flame, Mephitic Cloud
     0 | D:1      | Reached XP level 1. HP: 14/14 MP: 5/5
     9 | D:1      | Learned a level 1 spell: Sting
   550 | D:1      | Reached XP level 2. HP: 20/20 MP: 5/7
  1763 | D:2      | Reached XP level 3. HP: 26/26 MP: 6/8
  1930 | D:2      | Reached skill level 1 in Poison Magic
  2266 | D:2      | Learned a level 1 spell: Shock
  2383 | D:2      | Reached XP level 4. HP: 33/33 MP: 6/10
  2432 | D:2      | Learned a level 2 spell: Static Discharge
  2836 | D:3      | Identified the +7 chain mail of Ettoodio {Rampage +Blink
                  | Int+3}
  2878 | D:3      | Reached skill level 1 in Air Magic
  2931 | D:3      | Reached skill level 5 in Spellcasting
  3228 | D:3      | Reached XP level 5. HP: 38/38 MP: 6/12
  4108 | D:4      | Noticed Blork the orc
  4117 | D:4      | HP: 1/38 [poisoned by Blork the orc]
  4118 | D:4      | Succumbed to Blork the orc's poison

Illustrated notes

Levels and vault maps discovered:
D:1:      lightli_arrival_flooded_house, layout_loops_corners,
          minmay_misc_feat_pillars, st_stairs_8, corner_web_ring
D:2:      layout_loops_ring
D:3:      layout_rooms, minmay_tree_intersection, minmay_misc_feat_alley,
          kennysheep_generic_room_2
D:4:      layout_loops_ring, chequers_temple_overflow_statue_of_worship,
          moated_statue, uniq_blork_the_orc, uniq_robin, uniq_eustachio

Skill      XL: |  1  2  3  4  5 |
---------------+----------------+-----
Poison Magic   | 1 |  1.7
Air Magic      | 1 |  1.2
Spellcasting   | 5 |  5.3
Dodging        | 2 |  2.4
Maces & Flails | |  0.1
Stealth        | |  0.4
Conjurations   | |  0.4
Transmutations | |  3.3
Evocations     | |  0.4

Action                   |  1- 3 |  4- 6 || total
-------------------------+-------+-------++-------
Melee: Club              |    34 |     1 ||    35
       Staff             |       |    32 ||    32
       Tailslap          |       |     3 ||     3
 Cast: Sting             |    59 |    15 ||    74
       Shock             |       |    81 ||    81
       Static Discharge  |       |     1 ||     1
  Use: Scroll            |       |     1 ||     1
Armor: Skin              |    45 |    38 ||    83
Dodge: Dodged            |    77 |    70 ||   147

Table legend: (Time is in decaauts)
 A = Elapsed time spent in this place.
 B = Non-inter-level travel time spent in this place.
 C = Inter-level travel time spent in this place.
 D = Time resting spent in this place.
 E = Time spent auto-exploring this place.
 F = Levels seen in this place.
 G = Mean time per level.
                   A        B        C        D        E       F      G
               +--------+--------+--------+--------+--------+-----+--------+
         Total |   4135 |   4085 |     50 |   1083 |   1864 |   4 | 1033.8 |
       Dungeon |   4135 |   4085 |     50 |   1083 |   1864 |   4 | 1033.8 |
               +--------+--------+--------+--------+--------+-----+--------+

Top non-repeatable levels by time:
     D:1: 1763 daAuts
     D:2: 872 daAuts
     D:4: 772 daAuts
     D:3: 727 daAuts
